 Dungeon Crawl Stone Soup version 0.17-a0-977-g4154171 (webtiles) character file.

285 ahoge the Skirmisher (level 6, -4/39 HPs)
             Began as a Gargoyle Fighter on May 10, 2015.
             Slain by a troll (6 damage)
             ... on level 4 of the Dungeon.
             The game lasted 00:06:55 (2404 turns).

ahoge the Skirmisher (Gargoyle Fighter)             Turns: 2404, Time: 00:06:57

Health: -4/39      AC: 11    Str: 19    XL:     6   Next: 29%
Magic:  6/6        EV:  8    Int:  9    God:
Gold:   89         SH:  9    Dex: 11    Spells: 0 memorised, 5 levels left

rFire  . . .     SeeInvis .     a - +0 flail
rCold  . . .     Clarity  .     b - +0 scale mail
rNeg   + . .     SustAb   .     c - +0 shield
rPois  ∞         Gourm    .     (no helmet)
rElec  +         Spirit   .     (no cloak)
rCorr  .         Warding  .     (no gloves)
rMut   .         Stasis   .     (no boots)
MR     .....                    (no amulet)
Stlth  ..........               (no ring)
                                (no ring)

@: not resistant to hostile enchantments, extremely unstealthy
A: negative energy resistance 1, electricity resistance, unbreathing,
petrification resistance, rot immunity, AC +4
a: no special abilities


You were on level 4 of the Dungeon.
You were not hungry.

You visited 1 branch of the dungeon, and saw 4 of its levels.

You collected 89 gold pieces.

Inventory:

Hand weapons
 a - a +0 flail (weapon)
Armour
 b - a +0 scale mail (worn)
 c - a +0 shield (worn)
 g - a +0 pair of gloves
Jewellery
 n - an uncursed ring of fire {unknown}
 p - a +3 ring of dexterity {unknown}
 r - a cursed amulet of inaccuracy {unknown}
Scrolls
 d - a scroll of amnesia {unknown}
 f - 4 scrolls of identify {unknown}
 h - a scroll of random uselessness {unknown}
 i - 3 scrolls of remove curse {unknown}
 k - 3 scrolls of teleportation {unknown}
 s - a scroll of magic mapping {unknown}
 t - a scroll of recharging {unknown}
 y - a scroll of blinking {unknown}
 A - a scroll of fog {unknown}
Potions
 o - a potion of beneficial mutation {unknown}
 q - 2 potions of brilliance {unknown}
 u - a potion of invisibility {unknown}
 v - a potion of lignification {unknown}
 w - a potion of resistance {unknown}
 z - a potion of degeneration {unknown}
Comestibles
 e - 3 bread rations
 j - a beef jerky
 l - 5 chunks of flesh
 m - a slice of pizza
 x - a meat ration


   Skills:
 + Level 4.5 Fighting
 + Level 3.5 Maces & Flails
 + Level 4.4 Armour
 + Level 1.7 Dodging
 + Level 4.3 Shields


You had 5 spell levels left.
You didn't know any spells.

Dungeon Overview and Level Annotations

Branches:
Dungeon (4/15)
 Temple: D:4-7

Altars:
Yredelemnul


Innate Abilities, Weirdness & Mutations

You are resistant to torment.
Your stone body is resilient (AC +4).
You are immune to poison.
You resist negative energy.
You are resistant to electric shocks.
You can survive without breathing.
You are immune to petrification.
You are immune to rotting.


Message History

You sock the troll!
The troll is moderately wounded.
You block the bat's attack. The troll bites you!
The troll claws you but does no damage. You block the troll's attack.
You sock the troll!
The troll is heavily wounded.
You block the bat's attack. You block the troll's attack. The troll claws you.
The troll claws you!
* * * LOW HITPOINT WARNING * * *
You are too injured to fight recklessly!
You are too injured to fight recklessly!
The bat hits you but does no damage.
You barely miss the troll.
The troll is heavily wounded.
The bat closely misses you. You block the bat's attack.
The troll bites you but does no damage. The troll barely misses you.
You block the troll's attack. The troll bites you!
* * * LOW HITPOINT WARNING * * *
The troll claws you.
You die...

###### .....# #...#...
.....######.. ....
..................
........###>#.#..# #
####..### .......#####. .
####..# #.#.....%... ..
#.....#####.#...b#..##.#.
................@#.......
......#####......T.......
.........................
....................#..#.
.....#.#######......#..#
..#..#..................
.....#.#######...#.....#
........######...#.....#
..#..#...........#.....#


You could see a troll and a bat.

Vanquished Creatures
  The ghost of DEFE the Skirmisher, an average MfFi of Okawaru (D:3)
  A worker ant (D:4)
  6 adders
  2 oozes (D:1)
  3 giant geckos
  2 orcs (D:3)
  5 bats
  5 giant cockroaches
  7 goblins
  13 hobgoblins
  5 kobolds
  2 ball pythons
  A giant newt (D:3)
  5 jackals
  6 rats
64 creatures vanquished.

Notes
Turn   | Place    | Note
--------------------------------------------------------------
     0 | D:1      | ahoge, the Gargoyle Fighter, began the quest for the Orb.
     0 | D:1      | Reached XP level 1. HP: 14/14 MP: 1/1
   345 | D:1      | Reached XP level 2. HP: 14/19 MP: 2/2
   599 | D:1      | Reached XP level 3. HP: 24/24 MP: 3/3
   851 | D:2      | Reached skill level 4 in Armour
   869 | D:2      | Reached XP level 4. HP: 25/29 MP: 4/4
  1538 | D:3      | Noticed DEFE's ghost (average MfFi)
  1562 | D:3      | Killed DEFE's ghost
  1562 | D:3      | Reached skill level 1 in Dodging
  1562 | D:3      | Reached XP level 5. HP: 7/34 MP: 5/5
  1562 | D:3      | Reached XP level 6. HP: 8/39 MP: 6/6
  1789 | D:3      | Found a basalt altar of Yredelemnul.
  2396 | D:4      | Noticed a troll
  2404 | D:4      | Slain by a troll

Vault maps used:
D:1:      onia_arrival_handbag, minmay_strange_pillars
D:2:      first_bread, grunt_ministairs_6
D:3:      lemuel_crystal_altar
D:4:      grunt_temple_overflow_open, serial_shops, nicolae_shop_crystal

Action                   |  1- 3 |  4- 6 || total
-------------------------+-------+-------++-------
Melee: Flail             |    83 |   191 ||   274
  Use: Potion            |       |     1 ||     1
  Eat: Chunk             |       |     5 ||     5
